 Dungeon Crawl Stone Soup version 0.20-a0-2-g2b0e13a (webtiles) character file.

16259 mmcf the Fighter (level 12, -5/102 HPs)
             Began as a Formicid Fighter on Oct 29, 2016.
             Was a High Priest of Okawaru.
             Splashed by a yellow draconian's acid (14 damage)
             ... on level 2 of the Abyss.
             The game lasted 00:36:32 (15265 turns).

mmcf the Fighter (Formicid Fighter)                Turns: 15265, Time: 00:36:33

Health: -5/102     AC:  9    Str: 22    XL:     12   Next: 67%
Magic:  16/16      EV:  9    Int:  9    God:    Okawaru [*****.]
Gold:   372        SH: 12    Dex: 11    Spells: 0 memorised, 11 levels left

rFire  + . .     SeeInvis +     F - +6 broad axe (venom)
rCold  . . .     Gourm    .     Z - +0 plate armour {rF+}
rNeg   . . .     Faith    .     c - +1 shield
rPois  .         Spirit   .     (helmet unavailable)
rElec  .         Reflect  .     m - +0 cloak
rCorr  .         Harm     .     R - +0 pair of gloves
MR     ++...                    p - +0 pair of boots
Stlth  ..........               Y - amulet of regeneration
                                A - ring of flight
                                I - ring of protection from magic

@: corroded, non-regenerating, diseased
A: permanent stasis, dig shafts and tunnels, four strong arms, antennae 3,
blurry vision 1, deterioration 1, low mp 1, weak 1, subdued magic 2
a: Dig, Shaft Self, Heroism, Finesse, Renounce Religion, Evoke Flight


You were on level 2 of the Abyss.
You worshipped Okawaru.
Okawaru was extremely pleased with you.
You were not hungry.

You visited 2 branches of the dungeon, and saw 13 of its levels.
You visited the Abyss 1 time.
You also visited: Labyrinth, Sewer and Ossuary.

You collected 724 gold pieces.
You spent 352 gold pieces at shops.

Inventory:

Hand Weapons
 a - a +0 battleaxe
 b - a +0 hunting sling of flaming
 F - a +6 broad axe of venom (weapon)
Missiles
 E - 80 sling bullets
 K - 6 tomahawks (quivered)
Armour
 c - a +1 shield (worn)
 d - the +5 crystal plate armour "Gesuc" {Str-4 Int+4 Dex+2 Slay+3}
   (You acquired it on level 5 of the Dungeon)

   It affects your strength (-4).
   It affects your intelligence (+4).
   It affects your dexterity (+2).
   It affects your accuracy and damage with ranged weapons and melee attacks
   (+3).
 m - a +0 cloak (worn)
 p - a +0 pair of boots (worn)
 R - a +0 pair of gloves (worn)
 Z - a +0 plate armour of fire resistance (worn)
Jewellery
 A - a ring of flight (right hand)
 I - a ring of protection from magic (left hand)
 V - an uncursed amulet of the gourmand
 Y - an amulet of regeneration (around neck)
Wands
 Q - a wand of slowing (16/48)
 T - a wand of flame (23/48)
 W - a wand of iceblast (15/15)
Scrolls
 o - 2 scrolls of enchant weapon
 r - 3 scrolls of enchant armour
 v - 2 scrolls of noise
 w - 3 scrolls of remove curse
 x - a scroll of fog
 y - 7 scrolls of teleportation
 B - a scroll of recharging
 D - a scroll of amnesia
 H - 4 scrolls of magic mapping
 S - a scroll of brand weapon
Potions
 e - 6 potions of flight
 g - 8 potions of curing
 h - 2 potions of resistance
 i - a potion of agility
 j - 2 potions of brilliance
 l - a potion of might
 n - 2 potions of magic {unknown}
 q - a potion of mutation {unknown}
 s - 4 potions of heal wounds
 t - 2 potions of invisibility
 z - 2 potions of berserk rage {unknown}
 C - 5 potions of degeneration
 L - a potion of cancellation {unknown}
 M - 2 potions of cure mutation {unknown}
 P - 2 potions of haste {unknown}
 U - 3 potions of ambrosia
Books
 u - a book of Necromancy

   Spells                             Type                      Level
   a - Pain                           Necromancy                   1
   b - Animate Skeleton               Necromancy                   1
   c - Vampiric Draining              Necromancy                   3
   d - Regeneration                   Charms/Necromancy            3
   e - Animate Dead                   Necromancy                   4
   f - Control Undead                 Necromancy                   4
 N - a book of Frost

   Spells                             Type                      Level
   a - Freeze                         Ice                          1
   b - Throw Frost                    Conjuration/Ice              2
   c - Ozocubu's Armour               Charms/Ice                   3
   d - Throw Icicle                   Conjuration/Ice              4
   e - Summon Ice Beast               Ice/Summoning                4
Comestibles
 f - 7 bread rations
 k - 6 meat rations
 G - 2 royal jellies
 J - 28 fruits


   Skills:
 + Level 12.0 Fighting
 + Level 11.1 Axes
 - Level 8.4 Armour
 - Level 6.0 Dodging
 - Level 9.0 Shields
 + Level 8.0 Invocations


You had 11 spell levels left.
You didn't know any spells.

Dungeon Overview and Level Annotations

Branches:
Dungeon (13/15)            Temple (1/1) D:7             Orc (0/2) D:10
 Vaults (0/5) D:13
   Lair: D:8-11

Altars:
Ashenzari
Cheibriados
Dithmenos
Elyvilon
Fedhas
Gozag
Hepliaklqana
Kikubaaqudgha
Makhleb
Nemelex Xobeh
Okawaru
Qazlal
Ru
Sif Muna
Trog
Uskayaw
Vehumet
Xom
Yredelemnul
Zin
The Shining One
Beogh

Shops:
D:8 ?   D:13 *


Innate Abilities, Weirdness & Mutations

You are under a permanent stasis effect.
You can dig through walls and to a lower floor.
Your four strong arms can wield two-handed weapons with a shield.
You have a pair of large antennae on your head. (SInv)
Your magical capacity is low. (-10% MP)
You are weak. (Str -2)
[Scrolls take you a little longer to read.]
[Your body sometimes deteriorates upon taking damage.]
[Your spells are easier to cast, but less powerful.]


Message History

The splash of acid hits you! The acid corrodes you!
You are splashed with acid!
The acid burns!
The ancient zyme closely misses you. The ancient zyme hits you.
You slice the ancient zyme!!
The ancient zyme is severely damaged.
The ancient zyme hits you!
* * * LOW HITPOINT WARNING * * *
You block the ancient zyme's attack.
The raiju looks sick.
The yellow draconian hits you with a battleaxe.
* * * LOW HITPOINT WARNING * * *
A small abomination comes into view.
The ancient zyme hits you.
* * * LOW HITPOINT WARNING * * *
The ancient zyme hits you!
* * * LOW HITPOINT WARNING * * *
You feel ill. The yellow draconian spits acid at you.
The splash of acid hits you!
* * * LOW HITPOINT WARNING * * *
The acid corrodes you!
You are splashed with acid!
The acid burns!
You die...

#...#.#x.....#
#. ##.{..###.#
# #....#.
##..h.#
##.#..#.#
#...#.###
####xd.#
#####..##
#...@###
#.####


You could see a yellow draconian, an ancient zyme and a raiju.

Vanquished Creatures
  A centaur warrior (D:13)
  A thrashing horror (Abyss:2)
  A wretched star (Abyss:2)
  An unseen horror (D:11)
  2 hill giants
  A manticore (D:9)
  Maurice (D:8)
  Joseph (D:9)
  A smoke demon (Abyss:2)
  A tengu conjurer (D:10)
  Grinder (D:3)
  Sigmund (D:3)
  A large abomination (Abyss:2)
  A wyvern (D:10)
  10 yaks
  2 neqoxecs (Abyss:2)
  A hungry ghost (D:9)
  A small abomination (Abyss:2)
  6 orc warriors
  2 sky beasts
  4 ice beasts
  3 phantoms
  A black bear (D:7)
  A necrophage (D:8)
  6 ogres
  3 centaurs
  3 big kobolds
  3 bullfrogs (D:8)
  A gnoll sergeant (D:13)
  3 scorpions
  A water moccasin skeleton (D:8)
  4 killer bees (D:7)
  8 howler monkeys
  6 crimson imps
  A bullfrog zombie (D:10)
  A quasit (D:8)
  3 hounds
  8 centaur zombies
  10 orc wizards
  10 orc priests
  A gnoll shaman (D:8)
  2 jellies
  Crazy Yiuf (D:2)
  3 centaur skeletons
  2 iguanas
  Natasha (thrice) (D:2)
  9 worker ants
  A hound skeleton (D:8)
  7 mummies (Ossuary)
  A worker ant zombie (D:10)
  8 adders
  10 gnolls
  3 shadow imps
  8 oozes
  5 adder zombies
  3 worms (Sewer)
  3 dart slugs
  10 leopard geckos
  34 orcs
  5 ball pythons
  11 giant cockroaches
  4 hobgoblins
  21 jackals
  7 quokkas
  16 bats
  7 frilled lizards
  A giant cockroach zombie (D:5)
  5 goblins
  6 goblin zombies (Ossuary)
  A hobgoblin zombie (Ossuary)
  11 kobolds
  8 kobold zombies (Ossuary)
  2 leopard gecko skeletons (D:5)
  3 quokka skeletons
  A quokka zombie (D:5)
  7 rats
  7 rat zombies (Ossuary)
354 creatures vanquished.

Notes
Turn   | Place    | Note
-------+----------+-------------------------------------------
     0 | D:1      | mmcf the Formicid Fighter began the quest for the Orb.
     0 | D:1      | Reached XP level 1. HP: 18/18 MP: 1/1
   154 | D:2      | Noticed Natasha
   155 | D:2      | Noticed an iron imp
   163 | D:2      | Noticed a crimson imp
   374 | D:2      | Reached XP level 2. HP: 22/24 MP: 2/2
   923 | D:1      | Reached XP level 3. HP: 29/29 MP: 3/3
  1354 | D:2      | Killed Natasha
  1354 | D:2      | Reached XP level 4. HP: 12/37 MP: 4/4
  1357 | D:2      | Noticed Natasha
  1610 | D:2      | Killed Natasha
  1610 | D:2      | Reached skill level 4 in Fighting
  1777 | D:2      | Reached XP level 5. HP: 38/42 MP: 5/5
  1891 | D:2      | Noticed Natasha
  1901 | D:2      | Killed Natasha
  1901 | D:2      | Reached skill level 5 in Shields
  2099 | D:2      | Found a sacrificial altar of Ru.
  2376 | D:2      | Found a runed door.
  2380 | D:2      | Noticed Crazy Yiuf
  2386 | D:2      | Killed Crazy Yiuf
  2658 | D:3      | Noticed Grinder
  2691 | D:3      | Killed Grinder
  2691 | D:3      | Reached skill level 5 in Fighting
  2691 | D:3      | Reached XP level 6. HP: 30/51 MP: 6/6
  2691 | D:3      | Reached XP level 7. HP: 33/56 MP: 7/7
  2855 | D:4      | Found a hide-covered altar of Uskayaw.
  2879 | D:4      | Found an opulent altar of Gozag.
  2958 | D:4      | Found a bloodstained altar of Trog.
  2991 | D:4      | Found a sand-covered staircase.
  3001 | Ossuary  | Entered an ossuary
  3541 | Ossuary  | Reached skill level 6 in Fighting
  3599 | Ossuary  | Reached skill level 5 in Axes
  3599 | Ossuary  | Reached skill level 5 in Armour
  3605 | Ossuary  | Reached XP level 8. HP: 16/64 MP: 8/8
  4379 | D:3      | Found a white marble altar of Elyvilon.
  4839 | D:3      | Noticed Sigmund
  4870 | D:3      | Killed Sigmund
  4870 | D:3      | Reached skill level 1 in Dodging
  5107 | D:3      | Found a deep blue altar of Sif Muna.
  5359 | D:5      | Entered Level 5 of the Dungeon
  5369 | D:5      | Identified a scroll of acquirement
  5372 | D:5      | Got a faintly humming crystal plate armour
  5387 | D:5      | Reached skill level 7 in Fighting
  5471 | D:5      | Found a shadowy altar of Dithmenos.
  5567 | D:5      | Found a glowing drain.
  5571 | Sewer    | Entered a sewer
  5806 | Sewer    | Identified the +5 crystal plate armour "Gesuc" {Str-4 Int+4 Dex+2 Slay+3} (You acquired it on level 5 of the Dungeon)
  6981 | D:5      | Found a shimmering altar of Xom.
  7126 | D:5      | Reached XP level 9. HP: 72/72 MP: 9/9
  8128 | D:6      | Reached skill level 8 in Fighting
  8256 | D:6      | Found a glowing golden altar of the Shining One.
  8620 | D:6      | Found a blossoming altar of Fedhas.
  9772 | D:7      | Reached skill level 9 in Fighting
  9772 | D:7      | Reached XP level 10. HP: 74/83 MP: 10/10
  9855 | D:7      | Reached skill level 10 in Fighting
  9855 | D:7      | Reached skill level 5 in Invocations
  9855 | D:7      | Reached XP level 11. HP: 91/91 MP: 10/15
 10248 | D:7      | Found a staircase to the Ecumenical Temple.
 10269 | Temple   | Entered the Ecumenical Temple
 10348 | Temple   | Became a worshipper of Warmaster Okawaru
 10429 | D:8      | Found a hazy altar of Hepliaklqana.
 10745 | D:8      | Found Nipof's Magic Scroll Emporium.
 10753 | D:8      | Bought a scroll of brand weapon for 300 gold pieces
 10753 | D:8      | Bought a scroll of magic mapping for 52 gold pieces
 10937 | D:8      | Noticed Maurice
 11008 | D:8      | Killed Maurice
 11008 | D:8      | Reached * piety under Okawaru
 11008 | D:8      | Reached skill level 5 in Dodging
 11944 | D:9      | Noticed a manticore
 11953 | D:9      | Killed a manticore
 11954 | D:9      | Found a radiant altar of Vehumet.
 12014 | D:9      | Found a shadowy altar of Dithmenos.
 12293 | D:9      | Noticed Joseph
 12311 | D:9      | Killed Joseph
 12311 | D:9      | Reached ** piety under Okawaru
 12639 | D:10     | Entered Level 10 of the Dungeon
 13185 | D:11     | Noticed a hill giant
 13190 | D:11     | Killed a hill giant
 13190 | D:11     | Reached skill level 10 in Axes
 13201 | D:11     | Reached skill level 11 in Fighting
 13401 | D:10     | Found a staircase to the Orcish Mines.
 13520 | D:10     | Found a roughly hewn altar of Beogh.
 13657 | D:10     | Reached *** piety under Okawaru
 13812 | D:10     | Noticed a hill giant
 13819 | D:10     | Killed a hill giant
 13819 | D:10     | Reached XP level 12. HP: 83/100 MP: 16/16
 14312 | D:11     | Noticed an unseen horror
 14323 | D:11     | Killed an unseen horror
 14326 | D:11     | Reached **** piety under Okawaru
 14553 | D:11     | Noticed a five-headed hydra
 14590 | D:10     | You fall through a shaft for 3 floors!
 14614 | D:13     | Found Pokloxed's Elemental Accessories.
 14619 | D:13     | Noticed a centaur warrior
 14633 | D:13     | Killed a centaur warrior
 14662 | D:13     | Noticed a five-headed hydra
 14677 | D:13     | Found a gate to the Vaults.
 14677 | D:13     | Noticed an enchanted long sword
 14677 | D:13     | Noticed an enchanted long sword
 14693 | D:13     | Found a labyrinth entrance.
 14699 | D:13     | Noticed an unseen horror
 14700 | D:13     | HP: 4/101 [enchanted long sword (7)]
 14702 | Lab      | Entered a labyrinth
 14928 | Lab      | Cast into level 2 of the Abyss (a Zot trap)
 15015 | Abyss:2  | Gained mutation: You are weak. (Str -2) [a neqoxec]
 15018 | Abyss:2  | Gained mutation: Your magical capacity is low. (-10% MP) [a neqoxec]
 15081 | Abyss:2  | Noticed a wretched star
 15104 | Abyss:2  | Killed a wretched star
 15104 | Abyss:2  | Reached ***** piety under Okawaru
 15233 | Abyss:2  | Reached skill level 12 in Fighting
 15246 | Abyss:2  | Noticed a thrashing horror
 15259 | Abyss:2  | Noticed a yellow draconian
 15262 | Abyss:2  | Killed a thrashing horror
 15265 | Abyss:2  | Splashed by a yellow draconian's acid

Vault maps used:
D:1:      dpeg_arrival_houses_and_road
D:2:      first_bread, nicolae_ru_sacrificial_ziggurat, uniq_natasha,
          uniq_crazy_yiuf_cottage
D:3:      elyvilon_altar_4, tgw_sif, uniq_sigmund, uniq_grinder
D:4:      lemuel_doored_altar, kennysheep_mini, nicolae_gozag_seed_capital,
          enter_ossuary_1
D:5:      lemuel_round_altar, gup_sewer_entry_bowl, grunt_dithmenos_smoke
D:6:      nicolae_whirlpool, kennysheep_mini_moat, tso_oasis_becter
D:8:      old_standard_altar, serial_shops, shop_statue, uniq_maurice
D:9:      overflow_temple_1_default, lemuel_coloured_pillars_altar,
          blue_anna_alchemist, uniq_joseph
D:10:     minmay_orc_entry_temple_small
D:11:     lair_0_dummy
D:13:     doesnt_quadruple_sword, erik_vaults_1, lab_entry_generic,
          nicolae_elemental_shop, uniq_erolcha
Temple:   compressed_dpeg_triangle_lava_temple
Lab:      labyrinth_spiral, nicolae_lab_grate,
          labyrinth_baited_teleportation_trap, labyrinth_skeletal_remains,
          nicolae_lab_t_cross, nicolae_lab_blocks, nicolae_lab_quarters,
          labyrinth_fake_exit
Sewer:    sewer_fruit_machine
Ossuary:  ossuary_boxes_badplayer

Skill      XL: |  1  2  3  4  5  6  7  8  9 10 11 12 |
---------------+-------------------------------------+-----
Shields        | 4 5 8 9 |  9.0
Fighting       | 4 5 6 7 9 10 11 12 | 12.0
Axes           | 3 4 5 6 7 9 10 11 | 11.1
Armour         | 4 5 7 8 |  8.4
Dodging        | 2 4 6 |  6.0
Invocations    | 5 8 |  8.0

Action                   |  1- 3 |  4- 6 |  7- 9 | 10-12 || total
-------------------------+-------+-------+-------+-------++-------
Melee: War axe           |    94 |   107 |   549 |   431 ||  1181
       Battleaxe         |       |       |       |    79 ||    79
       Broad axe         |       |       |       |    58 ||    58
 Fire: Hunting sling     |       |       |       |     4 ||     4
Throw: Tomahawk          |       |       |     3 |       ||     3
Invok: Heroism           |       |       |       |     2 ||     2
 Abil: Dig               |     1 |     1 |     2 |     1 ||     5
       Shaft Self        |       |       |       |     1 ||     1
  Use: Scroll            |       |       |    16 |    10 ||    26
       Potion            |       |       |     6 |     1 ||     7
 Stab: Confused          |       |       |       |     1 ||     1
  Eat: Chunk             |     2 |     3 |    22 |    32 ||    59
       Fruit             |       |       |     4 |     1 ||     5
       Beef jerky        |       |       |       |     3 ||     3
Armor: Scale mail        |    62 |    32 |    51 |       ||   145
       Chain mail        |       |       |   198 |    12 ||   210
       Plate armour      |       |       |       |   221 ||   221
Dodge: Dodged            |    46 |    32 |   153 |   157 ||   388
Block: Shield            |    75 |    55 |   347 |   356 ||   833
